 Dungeon Crawl Stone Soup version 0.21.1-1-g345015f (webtiles) character file.

333 iamserjio the Cutter (level 6, -1/42 HPs)
             Began as an Octopode Monk on Apr 5, 2018.
             Killed from afar by a white imp (4 damage)
             ... with a puff of frost
             ... summoned by VLARC's ghost
             ... on level 4 of the Dungeon.
             The game lasted 00:17:02 (2990 turns).

iamserjio the Cutter (Octopode Monk)                Turns: 2990, Time: 00:17:03

Health: -1/42      AC:  1    Str: 10    XL:     6   Next: 53%
Magic:  0/6        EV: 16    Int: 13    God:
Gold:   151        SH:  0    Dex: 16    Spells: 5/5 levels left

rFire    . . .     SeeInvis .   p - +0 dagger (venom)
rCold    . . .     Gourm    .   (no shield)
rNeg     . . .     Faith    .   (helmet restricted)
rPois    .         Spirit   +   z - amulet of guardian spirit
rElec    .         Reflect  .   (no ring)
rCorr    .         Harm     .   (no ring)
MR       .....                  (no ring)
Stlth    ++++......             (no ring)
HPRegen  0.14/turn              (no ring)
MPRegen  0.10/turn              (no ring)
                                (no ring)
                                (no ring)

@: no status effects
A: almost no armour, stealthy swim, amphibious, 8 rings, constrict 8, camouflage
1, gelatinous body 1
a: no special abilities


You were on level 4 of the Dungeon.
You were hungry.

You visited 1 branch of the dungeon, and saw 4 of its levels.

You collected 151 gold pieces.

Inventory:

Hand Weapons
 g - a +0 hunting sling
 p - a +0 dagger of venom (weapon)
 v - a +0 giant club
Missiles
 h - 26 sling bullets
 i - 43 poisoned needles
 u - 6 javelins (quivered)
Jewellery
 z - an amulet of guardian spirit (around mantle)
Wands
 f - a wand of digging (14)
 x - a wand of enslavement (14)
Scrolls
 d - 5 scrolls of identify
 e - 3 scrolls of remove curse
 k - a scroll of enchant armour {unknown}
 l - a scroll of amnesia {unknown}
 n - a scroll of fog {unknown}
 o - a scroll of noise {unknown}
 q - a scroll of teleportation {unknown}
 w - a scroll of random uselessness {unknown}
 y - a scroll of enchant weapon {unknown}
Potions
 c - 2 potions of lignification {unknown}
 j - 2 potions of heal wounds {unknown}
 m - 5 potions of curing
 r - a potion of might {unknown}
 s - a potion of haste {unknown}
 t - 2 potions of mutation {unknown}
Comestibles
 b - 8 rations


   Skills:
 - Level 3.0 Fighting
 * Level 5.1 Short Blades
 * Level 5.0 Dodging
 + Level 4.7 Stealth


You had 5 spell levels left.
You didn't know any spells.

Dungeon Overview and Level Annotations

Branches:
Dungeon (4/15)
 Temple: D:4-7

Altars:
Gozag
Hepliaklqana
Uskayaw
Wu Jian
Zin
The Shining One

Shops:
D:4 *

Annotations:
D:3 Vasilisck's ghost, weakling GnSk
D:4 VLARC's ghost, amateur OpWz


Innate Abilities, Weirdness & Mutations

You cannot wear most types of armour.
You are very stealthy in the water. (Stealth+)
You are amphibious.
You can wear up to eight rings at the same time.
You can use your tentacles to constrict eight enemies at once.
Your skin changes colour to match your surroundings (Stealth+).
Your rubbery body absorbs attacks. (AC +1, EV +1)


Message History

VLARC's ghost stares at you and mumbles some strange words.
The ball explodes into a vile cloud!
The stinking cloud engulfs you!
You hear a shout!
The white imp gestures at you. The puff of frost misses you.
An orc comes into view. It is wielding a short sword of venom.
You aren't carrying or standing over any spellbooks.
You don't know any spells.
Quiver which item? (- for none, * to show all) (? for menu, Esc to quit)
Okay, then.
The white imp gestures at you. The puff of frost hits you!
* * * LOW HITPOINT WARNING * * *
The white imp gestures at you. The puff of frost misses you.
You are feeling hungry.
The shadow imp disappears in a puff of smoke!
The white imp gestures at you. The puff of frost hits you!
You die...

#..5.....#.# .# #
####...#.#.##.##.##
# ##.##...........
##
#(§..........######[
###5................
#.##....∩....# #..
#.##.........# #.#
#.##.........# #..
#@###..#_#..# #.#
#.###.##⌠##.####..
#......###........
######............
###########.# #..
###


You could see a white imp.

Vanquished Creatures
  An ogre (D:2)
  A bullfrog (D:4)
  An iguana (D:4)
  Terence (D:2)
  A gnoll (D:1)
  4 adders
  2 oozes
  2 worms (D:2)
  A dart slug (D:1)
  4 leopard geckos
  An orc (D:3)
  A bat zombie (D:2)
  3 giant cockroaches
  9 goblins
  8 hobgoblins
  3 jackals (D:3)
  2 quokkas (D:3)
  A ball python (D:2)
  3 bats
  5 frilled lizards
  8 kobolds
  8 rats
70 creatures vanquished.

Notes
Turn   | Place    | Note
-------+----------+-------------------------------------------
     0 | D:1      | iamserjio the Octopode Monk began the quest for the Orb.
     0 | D:1      | Reached XP level 1. HP: 16/16 MP: 1/1
   106 | D:1      | Reached XP level 2. HP: 20/21 MP: 2/2
   279 | D:1      | Reached XP level 3. HP: 26/26 MP: 3/3
   898 | D:2      | Found a transporter.
   898 | D:2      | Found a transporter.
   905 | D:2      | Noticed an ogre
   917 | D:2      | Noticed Terence
   928 | D:2      | Killed Terence
   928 | D:2      | Reached XP level 4. HP: 10/31 MP: 4/4
  1231 | D:2      | Found an opulent altar of Gozag.
  1231 | D:2      | Found a hazy altar of Hepliaklqana.
  1234 | D:2      | Found a glowing golden altar of the Shining One.
  1387 | D:2      | Found an ornate altar of the Wu Jian Council.
  1561 | D:2      | Reached XP level 5. HP: 24/36 MP: 5/5
  1678 | D:2      | Killed an ogre
  1980 | D:3      | Noticed Vasilisck's ghost (weakling GnSk)
  2192 | D:3      | Reached XP level 6. HP: 42/42 MP: 6/6
  2205 | D:3      | Found a hide-covered altar of Uskayaw.
  2648 | D:4      | Noticed VLARC's ghost (amateur OpWz)
  2748 | D:4      | Reached skill level 5 in Short Blades
  2748 | D:4      | Reached skill level 5 in Dodging
  2910 | D:4      | Found Zin's Purification Station.
  2928 | D:4      | Found a glowing silver altar of Zin.
  2980 | D:4      | HP: 2/42 [white imp/puff of frost[VLARC's ghost] (4)]
  2990 | D:4      | Killed from afar by a white imp

Skill      XL: |  1  2  3  4  5  6 |
---------------+-------------------+-----
Stealth        | 3 4 |  4.7
Short Blades   | 4 5 |  5.1
Dodging        | 4 5 |  5.0
Fighting       | |  3.0

Action                   |  1- 3 |  4- 6 || total
-------------------------+-------+-------++-------
Melee: Short sword       |    56 |    10 ||    66
       Tentacles         |    13 |    21 ||    34
       Constrict         |    15 |    19 ||    34
       Dagger            |       |   110 ||   110
Throw: Javelin           |       |     1 ||     1
  Use: Scroll            |       |     2 ||     2
 Stab: Sleeping          |     5 |    14 ||    19
  Eat: Chunk             |       |     6 ||     6
Armor: Skin              |     3 |     5 ||     8
Dodge: Dodged            |    45 |    72 ||   117
